 Dungeon Crawl Stone Soup version 0.31-a0-431-g88bdf31460 (webtiles) character file.

Game seed: 14111528489560185673

173 holysushi the Cutter (level 5, -1/45 HPs)
             Began as a Minotaur Monk on July 31, 2023.
             Slain by a black bear (6 damage)
             ... on level 4 of the Dungeon.
             The game lasted 00:02:36 (2773 turns).

holysushi the Cutter (Minotaur Monk)                Turns: 2773, Time: 00:02:37

Health: -1/45      AC:  2    Str: 15    XL:     5   Next: 28%
Magic:  4/4        EV: 13    Int:  7    God:
Gold:   74         SH:  0    Dex: 15    Spells: 4/4 levels left

rFire   + . .        r - +0 dagger (venom)
rCold   . . .        (no shield)
rNeg    . . .        b - +0 robe
rPois   .            (helmet restricted)
rElec   .            (no cloak)
rCorr   +            (no gloves)
SInv    .            (no boots)
Will    .....        (no amulet)
Stlth   +            j - ring of resist corrosion
HPRegen 0.27/turn    s - ring of protection from fire
MPRegen 0.09/turn

%: no passive effects
@: no status effects
A: horns 2, retaliatory headbutt
a: no special abilities


You were on level 4 of the Dungeon.
You visited 1 branch of the dungeon, and saw 4 of its levels.

You collected 79 gold pieces.
You donated 5 gold pieces to Zin.

Inventory:

Hand Weapons
 a - a +0 short sword
 r - a +0 dagger of venom (weapon)
Armour
 b - a +0 robe (worn)
Jewellery
 e - a ring of ice
 j - a ring of resist corrosion (left hand)
 s - a ring of protection from fire (right hand)
 v - a +6 ring of intelligence
Talismans
 u - a beast talisman
Wands
 o - a wand of flame (1)
Scrolls
 d - 2 scrolls of teleportation {unknown}
 f - a scroll of identify {unknown}
 g - a scroll of amnesia {unknown}
 i - a scroll of fog {unknown}
 n - a scroll of blinking {unknown}
Potions
 c - a potion of ambrosia
 h - a potion of mutation {unknown}
 k - 2 potions of cancellation {unknown}
 l - 2 potions of brilliance {unknown}
 m - a potion of haste {unknown}
 p - 2 potions of magic {unknown}
 q - a potion of heal wounds {unknown}
 t - a potion of might {unknown}
 w - 2 potions of lignification {unknown}
 x - a potion of berserk rage {unknown}


   Skills:
 - Level 3.6 Fighting
 + Level 6.6 Short Blades
 - Level 3.2 Dodging


You had 4 spell levels left.
You didn't know any spells.
Your spell library contained the following spells:

 Spells                   Type           Power      Damage    Failure   Level
 Poisonous Vapours        Pois/Air       0%         N/A       56%         2
 Mephitic Cloud           Conj/Pois/Air  0%         N/A       80%         3
 Fireball                 Conj/Fire      0%         3d3       100%        5
 Freezing Cloud           Conj/Ice/Air   0%         6-21      100%        5
 Iskenderun's Battlesphe  Conj           0%         2d6       100%        5
 Conjure Ball Lightning   Conj/Air       0%         3x3d6     100%        6
 Orb of Destruction       Conj           0%         9d5       100%        7


Dungeon Overview and Level Annotations

Branches:
Dungeon (4/15) Zot: 21280
 Temple: D:4-7

Altars:
Zin


Innate Abilities, Weirdness & Mutations

You have a pair of horns on your head.
You reflexively headbutt those who attack you in melee.


Message History

The ball python hisses angrily.
The black bear bites you! The black bear claws you.
The black bear claws you but does no damage.
You completely miss the black bear.
You hit the black bear but do no damage.
The black bear is poisoned.
You headbutt the black bear.
The black bear is lightly wounded.
The black bear bites you! The black bear claws you.
The black bear closely misses you.
You are too injured to fight recklessly!
You barely miss the black bear. You punch the black bear.
The black bear is lightly wounded.
The black bear bites you but does no damage.
The black bear claws you but does no damage.
The black bear claws you. The ball python barely misses you.
You furiously retaliate!
You headbutt the ball python!
You kill the ball python!
You hit the black bear but do no damage.
The black bear looks as sick as possible!
The black bear is lightly wounded.
The black bear closely misses you. The black bear misses you.
The black bear barely misses you.
You are too injured to fight recklessly!
You barely miss the black bear. Your headbutt misses the black bear.
The black bear is lightly wounded.
You closely miss the black bear. You headbutt the black bear!
The black bear is heavily wounded.
The black bear bites you. The black bear claws you. x2
* * * LOW HITPOINT WARNING * * *
You hit the black bear but do no damage.
The black bear looks as sick as possible!
The black bear is severely wounded.
The black bear completely misses you. You furiously retaliate!
You headbutt the black bear. The black bear claws you.
* * * LOW HITPOINT WARNING * * *
The black bear claws you.
* * * LOW HITPOINT WARNING * * *
The black bear attacks as you move away!
The black bear bites you.
You die...

... #.†....##.####
####^####).....##..
#
........)......####
# #.#...?.......#
#.#...........#
#..........$..#
####$###........
######.#######.###
#.....@.# .#
####..h....... .
#...>..####
#....#.# .......#
......### .......#
..#######


You could see a black bear (extremely poisoned).

Vanquished Creatures
  Terence (D:3)
  A gnoll (D:1)
  6 adders
  2 worms
  A dart slug (D:1)
  2 orcs (D:4)
  5 endoplasms
  A giant cockroach (D:1)
  6 goblins
  8 hobgoblins
  7 jackals
  4 quokkas
  8 ball pythons
  11 bats
  9 kobolds
  4 rats
76 creatures vanquished.

Notes
Turn   | Place    | Note
-------+----------+-------------------------------------------
     0 | D:1      | holysushi the Minotaur Monk began the quest for the Orb.
     0 | D:1      | Reached XP level 1. HP: 19/19 MP: 0/0
   107 | D:1      | Reached XP level 2. HP: 24/26 MP: 1/1
   115 | D:1      | Reached skill level 4 in Short Blades
   402 | D:1      | Reached XP level 3. HP: 22/31 MP: 2/2
   696 | D:1      | Reached skill level 5 in Short Blades
  1080 | D:2      | Reached XP level 4. HP: 33/39 MP: 3/3
  1162 | D:2      | Found a faded altar of an unknown god.
  1458 | D:2      | Prayed at the altar of an unknown god.
  1458 | D:2      | Became a worshipper of Zin the Law-Giver
  1458 | D:2      | Reached * piety under Zin
  1458 | D:2      | Reached ** piety under Zin
  1458 | D:2      | Reached *** piety under Zin
  1647 | D:3      | Reached skill level 6 in Short Blades
  1674 | D:3      | Fell from the grace of Zin
  1820 | D:3      | Noticed Terence
  1830 | D:3      | Killed Terence
  1955 | D:3      | Reached XP level 5. HP: 45/45 MP: 4/4
  2760 | D:4      | Noticed a black bear
  2773 | D:4      | Slain by a black bear

Illustrated notes

Levels and vault maps discovered:
D:1:      reono_arrival_mine, layout_loops_ring
D:2:      layout_rooms, shapermc_ecumenical_altar_ellora
D:3:      layout_basic, cheibrodos_sewer_entry_bend, nicolae_half_adder,
          uniq_terence
D:4:      layout_basic, kennysheep_mini, lemuel_tele_altar,
          dk_yredelemnul_ordeal

Skill      XL: |  1  2  3  4 |
---------------+-------------+-----
Short Blades   | 4 5 6 |  6.6
Fighting       | |  3.6
Dodging        | |  3.2

Action                     |  1- 3 |  4- 6 || total
---------------------------+-------+-------++-------
  Melee: Short sword       |   118 |     3 ||   121
         Headbutt          |    15 |    20 ||    35
         Punch             |     1 |     2 ||     3
         Dagger            |       |    97 ||    97
 Invoke: Renounce Religion |       |     1 ||     1
   Stab: Sleeping          |     1 |     4 ||     5
         Distracted        |     1 |       ||     1
 Armour: Robe              |    13 |    10 ||    23
  Dodge: Dodged            |    82 |    51 ||   133

Table legend: (Time is in decaauts)
 A = Elapsed time spent in this place.
 B = Non-inter-level travel time spent in this place.
 C = Inter-level travel time spent in this place.
 D = Time resting spent in this place.
 E = Time spent auto-exploring this place.
 F = Levels seen in this place.
 G = Mean time per level.
                   A        B        C        D        E       F      G
               +--------+--------+--------+--------+--------+-----+--------+
         Total |   2719 |   2567 |    152 |      0 |   2006 |   4 |  679.8 |
       Dungeon |   2719 |   2567 |    152 |      0 |   2006 |   4 |  679.8 |
               +--------+--------+--------+--------+--------+-----+--------+

Top non-repeatable levels by time:
     D:3: 1121 daAuts
     D:1: 846 daAuts
     D:2: 625 daAuts
     D:4: 124 daAuts
